 Dungeon Crawl Stone Soup version 0.29-a0-322-g68df515428 (webtiles) character file.

Game seed: 8840898871383964078

388 sanka the Chopper (level 6, -10/53 HPs)
             Began as a Gnoll Cinder Acolyte on Apr 7, 2022.
             Was a High Priest of Ignis.
             Mangled by a wraith (14 damage)
             ... in an ossuary.
             The game lasted 00:05:47 (4345 turns).

sanka the Chopper (Gnoll Cinder Acolyte)            Turns: 4345, Time: 00:05:47

Health: -10/53     AC:  3    Str: 14    XL:     6   Next: 79%
Magic:  1/11       EV: 12    Int: 13    God:    Ignis [*****.]
Gold:   144        SH:  0    Dex: 15    Spells: 10/12 levels left

rFire   + + .      SeeInvis .   a - -1 hand axe (flame)
rCold   x . .      Faith    .   (no shield)
rNeg    . . .      Spirit   .   b - +0 robe
rPois   .          Reflect  .   (no helmet)
rElec   .          Harm     .   y - +0 cloak
rCorr   .          Rampage  .   (no gloves)
Will    .....                   (no boots)
Stlth   ++........              (no amulet)
HPRegen 0.17/turn               z - ring of fire
MPRegen 0.12/turn               l - +6 ring of dexterity

@: slowed, very slow
A: fangs 1, strong nose, distributed training
a: Renounce Religion, Fiery Armour, Foxfire Swarm, Rising Flame


You were in an ossuary.
You worshipped Ignis.
Ignis was extremely pleased with you.
You visited 1 branch of the dungeon, and saw 5 of its levels.
You also visited: Ossuary.

You collected 144 gold pieces.


Innate Abilities, Weirdness & Mutations

You have very sharp teeth.
Your uncanny sense of smell can sniff out nearby items.
Your experience applies equally to all skills.


   Skills:
 + Level 6.9 Fighting
 + Level 2.1 Short Blades
 + Level 2.1 Long Blades
 + Level 6.9 Axes
 + Level 2.1 Maces & Flails
 + Level 2.1 Polearms
 + Level 2.1 Staves
 + Level 2.1 Slings
 + Level 2.1 Bows
 + Level 2.1 Crossbows
 + Level 2.1 Throwing
 + Level 2.1 Armour
 + Level 2.1 Dodging
 + Level 2.1 Stealth
 + Level 2.1 Shields
 + Level 2.1 Unarmed Combat
 + Level 3.5 Spellcasting
 + Level 1.6 Conjurations
 + Level 1.6 Hexes
 + Level 1.6 Summonings
 + Level 1.6 Necromancy
 + Level 1.6 Translocations
 + Level 1.6 Transmutations
 + Level 5.7 Fire Magic
 + Level 1.6 Ice Magic
 + Level 1.6 Air Magic
 + Level 1.6 Earth Magic
 + Level 1.6 Poison Magic
 + Level 2.3 Invocations
 + Level 2.1 Evocations


You had 10 spell levels left.
You knew the following spells:

 Your Spells              Type           Power      Damage    Failure   Level
y - Scorch                Fire           50%        2d7       3%          2

Your spell library contained the following spells:

 Spells                   Type           Power      Damage    Failure   Level
 Sublimation of Blood     Necr           6%         N/A       17%         2
 Wereblood                Tmut           6%         N/A       17%         2
 Petrify                  Tmut/Erth      6%         N/A       73%         4
 Metabolic Englaciation   Hex/Ice        3%         N/A       97%         5
 Statue Form              Tmut/Erth      4%         N/A       100%        6
 Summon Hydra             Summ           3%         N/A       100%        7

Inventory:

Hand Weapons
 a - a -1 hand axe of flaming (weapon)
Armour
 b - a +0 robe (worn)
 c - a +0 scale mail
 y - a +0 cloak (worn)
Jewellery
 l - a +6 ring of dexterity (right hand)
 q - a ring of poison resistance
 t - a ring of positive energy
 z - a ring of fire (left hand)
Scrolls
 d - a scroll of torment {unknown}
 e - 3 scrolls of teleportation {unknown}
 h - 3 scrolls of amnesia {unknown}
 j - 4 scrolls of enchant armour {unknown}
 m - 4 scrolls of identify {unknown}
 o - a scroll of vulnerability {unknown}
 p - 2 scrolls of blinking {unknown}
 s - 2 scrolls of silence {unknown}
 u - 2 scrolls of enchant weapon {unknown}
 v - a scroll of brand weapon {unknown}
 C - a scroll of noise {unknown}
Potions
 f - 3 potions of heal wounds {unknown}
 g - a potion of haste {@q3}
 i - a potion of lignification {unknown}
 k - a potion of attraction {unknown}
 n - 2 potions of curing {@q1}
 r - 2 potions of degeneration {unknown}
 w - a potion of ambrosia {unknown}
 x - a potion of resistance {unknown}
 A - a potion of mutation {unknown}
 B - a potion of brilliance {unknown}
 D - a potion of might {unknown}

Dungeon Overview and Level Annotations

Branches:
Dungeon (5/15)            Ossuary (1/1)
 Temple: D:4-7

Altars:
Qazlal

Shops:
D:2 (

Annotations:
D:4 Edmund

▒.▒▒▒..▒▒▒..▒▒▒.▒
▒...............▒
▒▒.▒▒▒.......▒▒▒.▒
.'.▒z▒.......▒z▒.▒
▒▒.▒▒▒.......▒▒▒.▒
▒...............▒
▒.▒▒▒..▒▒▒..▒▒▒.▒
▒.▒ ▒..▒z▒..▒.▒.▒
▒.+ ▒..▒▒▒..▒▒Wg▒
▒.. ............▒
▒▒▒▒▒▒▒▒▒▒▒▒▒▒▒▒▒


You could see a wraith.


Message History

The wraith is heavily damaged.
The wraith barely misses you.
Unknown command.
Flames lash the wraith.
The wraith is severely damaged.
The wraith's fire resistance burns away.
The wraith completely misses you. The wraith barely misses you.
You aren't carrying any items that you can evoke.
It was a potion of curing.
The wraith misses you.
You hit the wraith but do no damage. You bite the wraith, but do no damage.
The wraith is severely damaged.
The wraith barely misses you.
You hit the wraith. You burn the wraith.
The wraith is almost destroyed.
The wraith is no longer more vulnerable to fire.
The wraith hits you!
* * * LOW HITPOINT WARNING * * *
The wraith drains your vigour!
You feel as though you will be slow longer.
The wraith hits you!
* * * LOW HITPOINT WARNING * * *
The wraith closely misses you. The wraith hits you.
* * * LOW HITPOINT WARNING * * *
The wraith hits you!
You die...

Action                   |  1- 3 |  4- 6 || total
-------------------------+-------+-------++-------
Melee: Hand axe          |   123 |    91 ||   214
       Bite              |    11 |    15 ||    26
       Punch             |       |     1 ||     1
 Cast: Scorch            |     4 |    32 ||    36
  Use: Potion            |       |     3 ||     3
 Stab: Sleeping          |       |     8 ||     8
Armor: Robe              |     8 |    18 ||    26
       Scale mail        |    30 |       ||    30
Dodge: Dodged            |    53 |    56 ||   109

Levels and vault maps discovered:
D:1:      grunt_arrival_lava_bath, layout_loops_ring,
          ebering_ecumenical_altar_ruins
D:2:      layout_basic, basic_altar, serial_shops, shop
D:3:      layout_loops_ring
D:4:      layout_basic, eino_curves_01, uniq_edmund
D:5:      layout_basic, minmay_temple_entry_junction_2, enter_ossuary_5,
          uniq_eustachio
Ossuary:  ossuary_due_cavern

Notes
Turn   | Place    | Note
-------+----------+-------------------------------------------
     0 | D:1      | sanka the Gnoll Cinder Acolyte began the quest for the Orb.
     0 | D:1      | Reached XP level 1. HP: 23/23 MP: 4/4
    36 | D:1      | Reached XP level 2. HP: 19/29 MP: 5/5
   516 | D:1      | Reached XP level 3. HP: 35/35 MP: 7/7
   628 | D:1      | Found a faded altar of an unknown god.
   882 | D:2      | Reached skill level 1 in Invocations
  1050 | D:2      | Learned a level 2 spell: Scorch
  1314 | D:2      | Reached skill level 1 in Short Blades
  1314 | D:2      | Reached skill level 1 in Long Blades
  1314 | D:2      | Reached skill level 1 in Maces & Flails
  1314 | D:2      | Reached skill level 1 in Polearms
  1314 | D:2      | Reached skill level 1 in Staves
  1314 | D:2      | Reached skill level 1 in Slings
  1314 | D:2      | Reached skill level 1 in Bows
  1314 | D:2      | Reached skill level 1 in Crossbows
  1314 | D:2      | Reached skill level 1 in Throwing
  1314 | D:2      | Reached skill level 1 in Armour
  1314 | D:2      | Reached skill level 1 in Dodging
  1314 | D:2      | Reached skill level 1 in Stealth
  1314 | D:2      | Reached skill level 1 in Shields
  1314 | D:2      | Reached skill level 1 in Unarmed Combat
  1314 | D:2      | Reached skill level 1 in Evocations
  1624 | D:2      | Found Ejom's Antique Weapon Shoppe.
  1688 | D:2      | Reached XP level 4. HP: 36/41 MP: 8/8
  1818 | D:2      | Found a stormy altar of Qazlal.
  1889 | D:2      | Reached skill level 3 in Spellcasting
  2337 | D:3      | Reached skill level 1 in Conjurations
  2337 | D:3      | Reached skill level 1 in Hexes
  2337 | D:3      | Reached skill level 1 in Summonings
  2337 | D:3      | Reached skill level 1 in Necromancy
  2337 | D:3      | Reached skill level 1 in Translocations
  2337 | D:3      | Reached skill level 1 in Transmutations
  2337 | D:3      | Reached skill level 1 in Ice Magic
  2337 | D:3      | Reached skill level 1 in Air Magic
  2337 | D:3      | Reached skill level 1 in Earth Magic
  2337 | D:3      | Reached skill level 1 in Poison Magic
  2667 | D:3      | Reached XP level 5. HP: 15/47 MP: 5/9
  3296 | D:4      | Noticed an orc warrior
  3318 | D:3      | HP: 4/47 [orc warrior/+0 short sword (13)]
  3809 | D:4      | Noticed a phantom
  3814 | D:4      | Killed a phantom
  3908 | D:4      | Reached skill level 2 in Invocations
  3908 | D:4      | Reached XP level 6. HP: 48/53 MP: 5/10
  4009 | D:4      | Noticed Edmund
  4029 | D:5      | Entered Level 5 of the Dungeon
  4048 | D:5      | Found a sand-covered staircase.
  4052 | Ossuary  | Entered an ossuary
  4169 | Ossuary  | Reached skill level 2 in Short Blades
  4169 | Ossuary  | Reached skill level 2 in Long Blades
  4169 | Ossuary  | Reached skill level 2 in Maces & Flails
  4169 | Ossuary  | Reached skill level 2 in Polearms
  4169 | Ossuary  | Reached skill level 2 in Staves
  4169 | Ossuary  | Reached skill level 2 in Slings
  4169 | Ossuary  | Reached skill level 2 in Bows
  4169 | Ossuary  | Reached skill level 2 in Crossbows
  4169 | Ossuary  | Reached skill level 2 in Throwing
  4169 | Ossuary  | Reached skill level 2 in Armour
  4169 | Ossuary  | Reached skill level 2 in Dodging
  4169 | Ossuary  | Reached skill level 2 in Stealth
  4169 | Ossuary  | Reached skill level 2 in Shields
  4169 | Ossuary  | Reached skill level 2 in Unarmed Combat
  4169 | Ossuary  | Reached skill level 2 in Evocations
  4236 | Ossuary  | Noticed a flying skull
  4236 | Ossuary  | Noticed a wraith
  4243 | Ossuary  | Noticed a flying skull
  4247 | Ossuary  | Noticed a flying skull
  4258 | Ossuary  | Noticed a flying skull
  4278 | Ossuary  | Noticed a flying skull
  4330 | Ossuary  | Noticed a wraith
  4343 | Ossuary  | HP: 1/53 [wraith (11)]
  4345 | Ossuary  | Mangled by a wraith

Vanquished Creatures
  A phantom (D:4)
  3 wights (Ossuary)
  An orc wizard (D:4)
  5 adders
  An adder zombie (Ossuary)
  3 worms
  3 dart slugs
  An orc (D:3)
  8 endoplasms
  4 giant cockroaches
  9 goblins
  5 hobgoblins
  A jackal (D:5)
  A quokka (D:2)
  5 ball pythons
  9 bats
  5 frilled lizards
  3 hobgoblin zombies (Ossuary)
  6 kobolds
  A kobold zombie (Ossuary)
  3 orc zombies (Ossuary)
  9 rats
87 creatures vanquished.
